 Dungeon Crawl Stone Soup version 0.28.0-53-g5a82cb258f (webtiles) character file.

Game seed: 3719345147399818742

263 GigaChad the Skirmisher (level 5, 0/45 (48) HPs)
             Began as a Minotaur Fighter on Aug 22, 2022.
             Was a Believer of Wu Jian.
             Slain by Edmund
             ... wielding a +1 dire flail of draining
              (6 damage)
             ... on level 4 of the Dungeon.
             The game lasted 00:09:08 (3329 turns).

GigaChad the Skirmisher (Minotaur Fighter)          Turns: 3329, Time: 00:09:09

HP:   0/45 (48)     AC:  7    Str: 22    XL:     5   Next: 97%
MP:   13/13         EV: 10    Int: 11    God:    Wu Jian [**....]
Gold: 69            SH:  5    Dex: 13    Spells: 4/4 levels left

rFire   . . .      SeeInvis .   o - +9 whip of the Purple Skies {vorpal, Fly rC+ Dex+3}
rCold   + . .      Faith    .   c - +0 buckler
rNeg    . . .      Spirit   .   b - +0 scale mail
rPois   .          Reflect  .   (helmet restricted)
rElec   .          Harm     .   (no cloak)
rCorr   .          Rampage  .   (no gloves)
Will    .....                   (no boots)
Stlth   ..........              (no amulet)
HPRegen 0.15/turn               i - +6 ring of intelligence
MPRegen 0.13/turn               m - ring of magical power

@: flying, drained
A: horns 2, retaliatory headbutt
a: Renounce Religion, Wall Jump


You were on level 4 of the Dungeon.
You worshipped Wu Jian.
Wu Jian was pleased with you.
You visited 1 branch of the dungeon, and saw 4 of its levels.

You collected 69 gold pieces.

Inventory:

Hand Weapons
 a - a +0 long sword
 k - a +4 scimitar
 o - the +9 whip of the Purple Skies (weapon) {vorpal, Fly rC+ Dex+3}
   (You found it on level 2 of the Dungeon)

   It inflicts extra damage upon your enemies.
   Dex:       It affects your dexterity (+3).
   rC:        It protects you from cold.
   Fly:       It grants you flight.
Missiles
 w - a throwing net (quivered)
Armour
 b - a +0 scale mail (worn)
 c - a +0 buckler (worn)
Jewellery
 i - a +6 ring of intelligence (left hand)
 m - a ring of magical power (right hand)
Wands
 x - a wand of polymorph (8)
Scrolls
 f - a scroll of silence
 h - 2 scrolls of vulnerability {unknown}
 j - a scroll of acquirement {unknown}
 l - 2 scrolls of amnesia
 n - a scroll of immolation {unknown}
 p - a scroll of summoning {unknown}
 t - a scroll of identify
 u - a scroll of fear {unknown}
Potions
 d - a potion of might
 e - a potion of mutation {unknown}
 g - a potion of curing {unknown}
 q - a potion of degeneration {unknown}
 r - a potion of berserk rage {unknown}
 s - a potion of magic {unknown}
 v - a potion of heal wounds {unknown}


   Skills:
 + Level 5.2 Fighting
 + Level 3.6 Long Blades
 + Level 2.4 Maces & Flails
 + Level 5.1 Armour
 + Level 1.6 Dodging
 + Level 4.1 Shields


You had 4 spell levels left.
You didn't know any spells.
Your spell library contained the following spells:

 Spells                   Type           Power      Damage    Failure   Level
 Animate Skeleton         Necr           0%         N/A       75%         1
 Pain                     Necr           0%         1d4       75%         1
 Ozocubu's Armour         Ice            0%         N/A       98%         3
 Vampiric Draining        Necr           0%         2d6       98%         3
 Metabolic Englaciation   Hex/Ice        0%         N/A       100%        5
 Simulacrum               Ice/Necr       0%         N/A       100%        6


Dungeon Overview and Level Annotations

Branches:
Dungeon (4/15)
 Temple: D:4-7

Altars:
Elyvilon
Gozag
Wu Jian

Shops:
D:3 *

Annotations:
D:4 Edmund


Innate Abilities, Weirdness & Mutations

You have a pair of horns on your head.
You reflexively headbutt those who attack you in melee.


Message History

You whack the orc!
You kill the orc!
The Council accepts your kill. The orc misses you.
You closely miss the orc. The orc closely misses you.
You hit the orc. Your headbutt misses the orc.
The orc is moderately wounded.
The orc hits you but does no damage. You block the orc's attack.
You whack the orc!
You kill the orc!
The Council accepts your kill. The orc closely misses you.
You furiously retaliate!
You headbutt the orc. You closely miss Edmund.
Edmund hits you with a +1 dire flail of draining!
You feel drained. The orc barely misses you.
You barely miss Edmund. Your headbutt misses Edmund. You block Edmund's attack.
The orc closely misses you.
You whack Edmund! Your headbutt misses Edmund.
Edmund is lightly wounded.
Edmund hits you with a +1 dire flail of draining.
You feel drained. The orc hits you but does no damage.
You whack Edmund!
Edmund is heavily wounded.
Edmund barely misses you. You furiously retaliate!
You headbutt Edmund. The orc barely misses you.
You hit Edmund.
Edmund is severely wounded.
Edmund hits you with a +1 dire flail of draining.
* * * LOW HITPOINT WARNING * * *
You feel drained.
* * * LOW HITPOINT WARNING * * *
The orc hits you with a +0 flail.
* * * LOW HITPOINT WARNING * * *
You spin and attack Edmund repeatedly.
You closely miss Edmund. Your headbutt misses Edmund.
Edmund is severely wounded.
You hit Edmund. You headbutt Edmund.
Edmund is almost dead.
Edmund hits you with a +1 dire flail of draining.
You die...

.............<.
...............
...............
...............
#.............
#.....).# .. ###
#.....).+ ... ...
#....o@## .$.###.#
#.>....@# ..#.#..
#.....#†## #....#
#.....#..####### #....
###............# #....
#............# ##....
#............# ##....#
#............###.#.#..
#............#.#...#.#
#.....................


You could see Edmund and an orc.

Vanquished Creatures
  An orc priest (D:4)
  A hound (D:3)
  2 iguanas (D:4)
  An orc wizard (D:4)
  A howler monkey skeleton (D:4)
  3 adders (D:2)
  3 worms (D:2)
  A dart slug (D:1)
  9 orcs
  7 ball pythons
  6 bats
  2 endoplasms
  5 giant cockroaches
  8 goblins
  7 hobgoblins
  4 quokkas
  A frilled lizard (D:1)
  5 kobolds
  7 rats
74 creatures vanquished.

Notes
Turn   | Place    | Note
-------+----------+-------------------------------------------
     0 | D:1      | GigaChad the Minotaur Fighter began the quest for the Orb.
     0 | D:1      | Reached XP level 1. HP: 19/19 MP: 0/0
   296 | D:1      | Reached XP level 2. HP: 27/27 MP: 1/1
   658 | D:1      | Found a faded altar of an unknown god.
   669 | D:1      | Prayed at the altar of an unknown god.
   669 | D:1      | Became a worshipper of the Wu Jian Council
   669 | D:1      | Reached * piety under Wu Jian
  1022 | D:2      | Reached skill level 1 in Dodging
  1022 | D:2      | Reached XP level 3. HP: 33/33 MP: 2/2
  1312 | D:2      | Reached ** piety under Wu Jian
  1613 | D:2      | Reached XP level 4. HP: 40/40 MP: 3/3
  1630 | D:2      | Identified the +9 whip of the Purple Skies {vorpal, Fly rC+
                  | Dex+3}
  2403 | D:3      | Found Fudyal's General Store.
  2864 | D:3      | Found a white marble altar of Elyvilon.
  2873 | D:3      | Found an opulent altar of Gozag.
  3151 | D:4      | Reached XP level 5. HP: 47/47 MP: 4/4
  3155 | D:4      | Reached skill level 1 in Maces & Flails
  3232 | D:4      | Reached skill level 5 in Fighting
  3314 | D:4      | Noticed Edmund
  3318 | D:4      | Reached skill level 5 in Armour
  3329 | D:4      | Slain by Edmund

Illustrated notes

Levels and vault maps discovered:
D:1:      wander_arrival_estate, layout_loops_corners,
          ebering_ecumenical_altar_mist
D:2:      layout_loops_corners, minmay_joined_circles
D:3:      layout_basic, mainiacjoe_overflow_swirl, serial_shops,
          nicolae_lakefront_shop
D:4:      nicolae_cairo_tiling_large_dashed, layout_basic, uniq_edmund

Skill      XL: |  1  2  3  4  5 |
---------------+----------------+-----
Armour         | 4 5 |  5.1
Fighting       | 4 5 |  5.2
Dodging        | 1 |  1.6
Shields        | 4 |  4.1
Long Blades    | 3 |  3.6
Maces & Flails | 2 |  2.4

Action                   |  1- 3 |  4- 6 || total
-------------------------+-------+-------++-------
Melee: Long sword        |    35 |       ||    35
       Headbutt          |    10 |     8 ||    18
       Scimitar          |    55 |       ||    55
       Whip              |       |    63 ||    63
Invok: Whirlwind         |     9 |     5 ||    14
       Lunge             |     4 |     8 ||    12
  Use: Scroll            |     4 |     3 ||     7
Armor: Scale mail        |    48 |    15 ||    63
Dodge: Dodged            |    29 |    19 ||    48
Block: Buckler           |    17 |     7 ||    24
